 Dungeon Crawl Stone Soup version 0.15.2 (webtiles) character file.

128 Rebelfire the Skirmisher (level 5, -3/34 HPs)
             Began as a Gargoyle Berserker on Jan 14, 2015.
             Was a Priest of Trog.
             Slain by Tutankham's ghost (6 damage)
             ... on Level 4 of the Dungeon on Jan 21, 2015.
             The game lasted 00:25:25 (3530 turns).

Rebelfire the Skirmisher (Gargoyle Berserker)       Turns: 3530, Time: 00:25:25

HP  -3/34        AC 12     Str 21      XL: 5   Next: 12%
MP   5/5         EV  9     Int  8      God: Trog [***...]
Gold 201         SH  0     Dex  9      Spells:  0 memorised,  4 levels left

rFire  . . .     SeeInvis .     a - +2 mace
rCold  . . .     Clarity  .     l - +1 scale mail
rNeg   + . .     rCorr    .     (no shield)
rPois  +         rRot     +     (no helmet)
rElec  +         Spirit   .     (no cloak)
SustAb .         Warding  .     h - +0 pair of gloves
rMut   .         Stasis   .     (no boots)
Gourm  .                        i - amulet of faith
MR     .....                    (no ring)
                                (no ring)

@: not resistant to hostile enchantments, extremely unstealthy
A: negative energy resistance 1, electricity resistance, unbreathing,
petrification resistance, rot immunity, AC +4
a: Burn Spellbooks, Berserk, Trog's Hand, Renounce Religion


You were on level 4 of the Dungeon.
You worshipped Trog.
Trog was most pleased with you.
You were not hungry.

You visited 1 branch of the dungeon, and saw 4 of its levels.

You collected 201 gold pieces.

Inventory:

Hand weapons
 a - a +2 mace (weapon)
Armour
 b - a +0 animal skin
 e - a +0 leather armour
 h - a +0 pair of gloves (worn)
 l - a +1 scale mail (worn)
Magical devices
 f - a wand of random effects (8) {unknown}
Comestibles
 g - 5 fruits
 k - a beef jerky
 o - 2 meat rations
Scrolls
 c - 4 scrolls of identify
 p - a scroll of noise {unknown}
Jewellery
 i - an amulet of faith (around neck)
Potions
 j - a potion of curing {unknown}
 n - 2 potions of brilliance


   Skills:
 + Level 4.4 Fighting
 + Level 4.0 Maces & Flails
 + Level 2.7 Armour
 + Level 2.4 Dodging
 + Level 0.2 Stealth


You had 4 spell levels left.
You didn't know any spells.

Dungeon Overview and Level Annotations

Branches:
Dungeon (4/15)
 Temple: D:4-7

Altars:

Annotations:
D:4 Tutankham's ghost, average GrFi


Innate Abilities, Weirdness & Mutations

You are resistant to torment.
You are immune to poison.
Your stone body is very resilient (AC +4).
You resist negative energy.
You are resistant to electric shocks.
You can survive without breathing.
You are immune to petrification.
You are immune to rotting.


Message History

The orc hits you but does no damage. Tutankham's ghost hits you!
You hit Tutankham's ghost.
Tutankham's ghost is heavily damaged.
The orc closely misses you. Tutankham's ghost hits you!
* * * LOW HITPOINT WARNING * * *
Drink which item? (? for menu, Esc to quit)
You feel clever all of a sudden.
It was a potion of brilliance.
The orc hits you but does no damage.
Tutankham's ghost hits you but does no damage.
Drink which item? (? for menu, Esc to quit)
Your magical effects are unravelling.
You feel magically purged.
It was a potion of cancellation.
You feel a little less clever now. The orc hits you but does no damage.
Tutankham's ghost hits you but does no damage.
Drink which item? (? for menu, Esc to quit)
You feel refreshed.
It was a potion of restore abilities.
The orc priest shouts!
The orc hits you but does no damage. Tutankham's ghost hits you.
You die...

#...><....<...........
#....#.#...............
#.##...................
# ###.#...........$...
#.#.....((.K......
.##...(..r....).#
####...........#
###..######## #.Ko@#
#.##W.# ?.. ##..# ...##
#... #### ####


You could see Tutankham's ghost, an orc and a kobold.

Vanquished Creatures
  Jessica (D:2)
  Terence (D:2)
  4 adders
  A giant gecko (D:2)
  An ooze (D:3)
  2 orcs (D:3)
  4 ball pythons
  3 giant cockroaches (D:2)
  6 goblins
  9 hobgoblins
  2 jackals (D:1)
  A quokka (D:3)
  3 bats
  A giant newt (D:1)
  9 kobolds
  15 rats
63 creatures vanquished.

Notes
Turn   | Place    | Note
--------------------------------------------------------------
     0 | D:1      | Rebelfire, the Gargoyle Berserker, began the quest for the Orb.
     0 | D:1      | Reached XP level 1. HP: 14/14 MP: 1/1
   759 | D:1      | Reached XP level 2. HP: 19/19 MP: 2/2
   939 | D:1      | Acquired Trog's second power
  1176 | D:1      | Reached XP level 3. HP: 21/24 MP: 3/3
  1421 | D:2      | Reached skill level 4 in Fighting
  1733 | D:2      | Noticed Jessica
  1740 | D:2      | Killed Jessica
  1772 | D:2      | Reached XP level 4. HP: 25/29 MP: 4/4
  1998 | D:2      | Noticed Terence
  2018 | D:2      | Killed Terence
  2609 | D:3      | Reached XP level 5. HP: 32/34 MP: 5/5
  3032 | D:4      | Noticed an ogre
  3114 | D:4      | Noticed Tutankham's ghost (average GrFi)
  3530 | D:4      | Slain by Tutankham's ghost

Action                   |  1- 3 |  4- 6 || total
-------------------------+-------+-------++-------
Melee: Mace              |    94 |   113 ||   207
Invok: Berserk           |     1 |       ||     1
       Burn Spellbooks   |       |     1 ||     1
  Use: Scroll            |     1 |     7 ||     8
       Potion            |       |     3 ||     3
  Eat: Bread ration      |     1 |     1 ||     2
       Chunk             |       |     1 ||     1
